Workbook
Name Costos_Directos: #REF!
Name Costos_Directos: #REF!
Name Costos_Directos: #REF!
Name Costos_Indirectos: #REF!
Name Costos_Indirectos: #REF!
Name Costos_Indirectos: #REF!
Name presentacion: #REF!
Name presentacion: #REF!
Name presentacion: #REF!
Name Salario_minimo: #REF!
Name Salario_minimo: #REF!
Name Salario_minimo: #REF!
Name Subsidio_de_transporte: #REF!
Name Subsidio_de_transporte: #REF!
Name Subsidio_de_transporte: #REF!
Name Total_Proyecto: #REF!
Name Total_Proyecto: #REF!
Name Total_Proyecto: #REF!
Name TV: #REF!
Name TV: #REF!
Name TV: #REF!

Sheet FORMATO AIU
A4: COTIZACIÓN
A5: CLIENTE
A6: RAMA JUDICIAL DE MANIZALES
A7: RONEY BARTOLO
F8: FECHA | G8: VALIDEZ
A9: MANIZALES | F9: 45415 | G9: 45430
A10: ENTREGA | C10: UBICACIÓN | E10: COT. | F10: CONDICIONES DE PAGO
A11: 90 DIAS | C11: PALACIO DE JUSTICIA - EDIFICIO FANNY GONZALEZ | E11: 0172C.02.24 | F11: CONTRATO
A12: MODERNIZACIÓN DE LUMINARIAS FASE #4
A15: ITEM | B15: MARCA | C15: DESCRIPCIÓN | D15: UNIDAD | E15: CANT. | F15: VLR.UNIT. | G15: VLR. TOTAL
A16: 1 | B16: CAPÍTULO 1 - PISO 2
A17: SUMINISTRO DE LUMINARIAS NUEVAS - LUMINARIAS EN OFICINAS Y PASILLOS
A18: =A16+0.01 -> 1.01 | C18: Suministro e instalación de Luminaria-PANEL LED de 610X600X80 SOBREPONER 50W | D18: UN | E18: 201 | F18: 423101 | G18: =F18*E18 -> 85043301
A19: =A18+0.01 -> 1.02 | C19: Suministro e instalación de Luminaria EMERGENCIA LED | D19: UN | E19: 48 | F19: 153122 | G19: =F19*E19 -> 7349856
A20: =A19+0.01 -> 1.03 | C20: Suministro e instalación de Luminaria - HERMETICA IT 1OO AQ DUNA LENS E10 660X95X100 SOBRE PONER18W | D20: UN | E20: 8 | F20: 262004 | G20: =F20*E20 -> 2096032
A21: =A20+0.01 -> 1.04 | C21: Suministro e instalación de Luminaria BALA LED REDONDA 22W pasillos | D21: UN | E21: 28 | F21: 169031 | G21: =F21*E21 -> 4732868
A22: ADECUACIONES EN OFICINA Y EDIFICIO - ELECTRICAS DE REDES EXISTENTES
A23: =A21+0.01 -> 1.05 | C23: Retiro de Luminaria Existente de 60x60 | D23: UN | E23: 201 | F23: 23214 | G23: =F23*E23 -> 4666014
A24: =A23+0.01 -> 1.06 | C24: Retiro de Luminaria Existente bala led de 22 w en pasillos | D24: UN | E24: 28 | F24: 23214 | G24: =F24*E24 -> 649992
A25: =A24+0.01 -> 1.07 | C25: Suspensión aislada de punto eléctrico existente | D25: UN | E25: 60 | F25: 11386 | G25: =F25*E25 -> 683160
A26: =A25+0.01 -> 1.08 | C26: Reubicación de punto eléctrico | D26: UN | E26: 60 | F26: 44019 | G26: =F26*E26 -> 2641140
A27: =A26+0.01 -> 1.09 | C27: Adecuación de Alimentación de luminarias existentes para unificar circuito de emergencia y circuito Normal | D27: UN | E27: 60 | F27: 219889 | G27: =F27*E27 -> 13193340
A28: ELECTRICAS DE CONTROL DE ALUMBRADO
A29: =A27+0.01 -> 1.1 | C29: Suministro e instalación de sensor provolt | D29: UN | E29: 23 | F29: 2001431 | G29: =F29*E29 -> 46032913
A30: =A29+0.01 -> 1.11 | C30: Suministro e instalación de Botonera 4 botones para atenuar luminarias a través de sensor | D30: UN | E30: 23 | F30: 476289 | G30: =F30*E30 -> 10954647
A31: =A30+0.01 -> 1.12 | C31: Suministro e instalación de interconexión de control de lampara a lampara con cable de control de 2x20 AWG que va en las luminarias que utilizan atenuador de 0-10v | D31: ML | E31: 1250 | F31: 11662 | G31: =F31*E31 -> 14577500
A32: =A31+0.01 -> 1.13 | C32: Suministro e instalación de encauchetado 3x16AWG desde caja de paso hasta luminaria con accesorios de fijación y empalme eléctrico | D32: ML | E32: 350 | F32: 12694 | G32: =F32*E32 -> 4442900
A33: =A32+0.01 -> 1.14 | C33: Suministro e instalación de salida para iluminación en zona de iluminación de lámparas de emergencia para cumplir requerimiento RETILAP. No incluye tubería, ni circuitos de alimentación. | D33: UN | E33: 27 | F33: 122853 | G33: =F33*E33 -> 3317031
A34: =A33+0.01 -> 1.15 | C34: Suministro e instalación interruptor sencillo. | D34: UN | E34: 16 | F34: 28093 | G34: =F34*E34 -> 449488
A35: OBRAS CIVILES
A36: =A34+0.01 -> 1.16 | C36: Reparación de hueco de luminaria retirada | D36: UN | E36: 165 | F36: 22195 | G36: =F36*E36 -> 3662175
A37: =A36+0.01 -> 1.17 | C37: Reparación de techo en oficinas por adecuaciones realizadas para salidas eléctricas en control | D37: M2 | E37: 125 | F37: 32874 | G37: =F37*E37 -> 4109250
A38: =A37+0.01 -> 1.18 | C38: Reparación de muro afectado por interruptor de encendido por luminarias nuevas | D38: UN | E38: 8 | F38: 34726 | G38: =F38*E38 -> 277808
A39: =A38+0.01 -> 1.19 | C39: Pintura de Techo zonas afectadas por hueco de luminaria | D39: UN | E39: 126 | F39: 21818 | G39: =F39*E39 -> 2749068
A40: =A39+0.01 -> 1.2 | C40: Pintura de muro zonas afectadas por interruptor de encendido por luminarias nuevas en archivos | D40: M2 | E40: 12 | F40: 29677 | G40: =F40*E40 -> 356124
A41: =A40+0.01 -> 1.21 | C41: Pintura de Techo zonas afectadas por adecuaciones realizadas para salidas eléctricas en control | D41: UN | E41: 8 | F41: 29677 | G41: =F41*E41 -> 237416
F42: SUBTOTAL | G42: =SUM(G18:G41) -> 212222023
A44: 2 | B44: CAPÍTULO 2 - PISO 4
A45: SUMINISTRO DE LUMINARIAS NUEVAS - LUMINARIAS EN OFICINAS Y PASILLOS
A46: =A44+0.01 -> 2.01 | C46: Suministro e instalación de Luminaria-PANEL LED de 610X600X80 SOBREPONER 50W | D46: UN | E46: 20 | F46: 423101 | G46: =F46*E46 -> 8462020
A47: =A46+0.01 -> 2.02 | C47: Suministro e instalación de Luminaria BALA LED REDONDA 22W | D47: UN | E47: 4 | F47: 169031 | G47: =F47*E47 -> 676124
A48: =A47+0.01 -> 2.03 | C48: Suministro e instalación de Luminaria - CCCE 36 de descolgar | D48: UN | E48: 28 | F48: 236182 | G48: =F48*E48 -> 6613096
A49: =A48+0.01 -> 2.04 | C49: Suministro e instalación de Luminaria - HERMETICA IT 1OO AQ DUNA LENS E10 660X95X100 SOBRE PONER18W | D49: UN | E49: 6 | F49: 262004 | G49: =F49*E49 -> 1572024
A50: =A49+0.01 -> 2.05 | C50: Suministro e instalación de Luminaria EMERGENCIA LED | D50: UN | E50: 7 | F50: 153122 | G50: =F50*E50 -> 1071854
A51: ADECUACIONES EN OFICINA Y EDIFICIO - ELECTRICAS DE REDES EXISTENTES
A52: =A50+0.01 -> 2.06 | C52: Retiro de Luminaria Existente de 60x60 | D52: UN | E52: 20 | F52: 23214 | G52: =F52*E52 -> 464280
A53: =A52+0.01 -> 2.07 | C53: Retiro de Luminaria Colgante | D53: UN | E53: 28 | F53: 23214 | G53: =F53*E53 -> 649992
A54: ELECTRICAS DE CONTROL DE ALUMBRADO
A55: =A53+0.01 -> 2.08 | C55: Suministro e instalación de interconexión de control de lampara a lampara con cable de control de 2x20 AWG que va en las luminarias que utilizan atenuador de 0-10v | D55: ML | E55: 50 | F55: 11662 | G55: =F55*E55 -> 583100
A56: =A55+0.01 -> 2.09 | C56: Suministro e instalación de sensor provolt | D56: UN | E56: 1 | F56: 2001431 | G56: =F56*E56 -> 2001431
A57: =A56+0.01 -> 2.1 | C57: Suministro e instalación de Botonera 4 botones para atenuar luminarias a través de sensor | D57: UN | E57: 1 | F57: 476289 | G57: =F57*E57 -> 476289
A58: =A57+0.01 -> 2.11 | C58: Suministro e instalación de encauchetado 3x16AWG desde caja de paso hasta luminaria con accesorios de fijación y empalme eléctrico | D58: ML | E58: 200 | F58: 12694 | G58: =F58*E58 -> 2538800
A59: =A58+0.01 -> 2.12 | C59: Suministro e instalación interruptor sencillo. | D59: UN | E59: 9 | F59: 28093 | G59: =F59*E59 -> 252837
A60: OBRAS CIVILES
A61: =A59+0.01 -> 2.13 | C61: Reparación de hueco de luminaria retirada | D61: UN | E61: 20 | F61: 22195 | G61: =F61*E61 -> 443900
A62: =A61+0.01 -> 2.14 | C62: Reparación de techo en oficinas por adecuaciones realizadas para salidas eléctricas en control | D62: M2 | E62: 24 | F62: 32874 | G62: =F62*E62 -> 788976
A63: =A62+0.01 -> 2.15 | C63: Pintura de Techo zonas afectadas por hueco de luminaria | D63: UN | E63: 64 | F63: 21818 | G63: =F63*E63 -> 1396352
A64: =A63+0.01 -> 2.16 | C64: Pintura de muro zonas afectadas por interruptor de encendido por luminarias nuevas | D64: M2 | E64: 15 | F64: 34726 | G64: =F64*E64 -> 520890
F65: SUBTOTAL | G65: =SUM(G46:G64) -> 28511965
A67: 3 | B67: CAPÍTULO 3 - SOTANO 1
A68: SUMINISTRO DE LUMINARIAS NUEVAS - LUMINARIAS EN OFICINAS Y PASILLOS
A69: =A67+0.01 -> 3.01 | C69: Suministro e instalación de Luminaria-PANEL LED de 610X600X80 SOBREPONER 50W | D69: UN | E69: 36 | F69: 423101 | G69: =F69*E69 -> 15231636
A70: =A69+0.01 -> 3.02 | C70: Suministro e instalación de Luminaria EMERGENCIA LED | D70: UN | E70: 28 | F70: 153122 | G70: =F70*E70 -> 4287416
A71: =A70+0.01 -> 3.03 | C71: Suministro e instalación de Luminaria - CCCE 36 de descolgar | D71: UN | E71: =64+39+5 -> 108 | F71: 236182 | G71: =F71*E71 -> 25507656
A72: =A71+0.01 -> 3.04 | C72: Suministro e instalación de Luminaria - HERMETICA IT 1OO AQ DUNA LENS E10 660X95X100 SOBRE PONER18W | D72: UN | E72: 2 | F72: 262004 | G72: =F72*E72 -> 524008
A73: =A72+0.01 -> 3.05 | C73: Suministro e instalación de Luminaria BALA LED REDONDA 22W | D73: UN | E73: 11 | F73: 169031 | G73: =F73*E73 -> 1859341
A74: ADECUACIONES EN OFICINA Y EDIFICIO - ELECTRICAS DE REDES EXISTENTES
A75: =A73+0.01 -> 3.06 | C75: Retiro de Luminaria Existente de 60x60 | D75: UN | E75: 36 | F75: 23214 | G75: =F75*E75 -> 835704
A76: =A75+0.01 -> 3.07 | C76: Retiro de Luminaria Existente de 2 x 32 w | D76: UN | E76: 108 | F76: 23214 | G76: =F76*E76 -> 2507112
A77: =A76+0.01 -> 3.08 | C77: Suministro e instalación DPS tipo 2 tablero de emergencia eléctrico | D77: UN | E77: 1 | F77: 988288 | G77: =F77*E77 -> 988288
A78: ELECTRICAS DE CONTROL DE ALUMBRADO
A79: =A77+0.01 -> 3.09 | C79: Suministro e instalación de sensor provolt | D79: UN | E79: 1 | F79: 2001431 | G79: =F79*E79 -> 2001431
A80: =A79+0.01 -> 3.1 | C80: Suministro e instalación de Botonera 4 botones para atenuar luminarias a través de sensor | D80: UN | E80: 1 | F80: 476289 | G80: =F80*E80 -> 476289
A81: =A80+0.01 -> 3.11 | C81: Suministro e instalación de salida para iluminación en zona de iluminación de lámparas de emergencia para cumplir requerimiento RETILAP. incluye tubería, y circuitos de alimentación. | D81: UN | E81: 28 | F81: 195769 | G81: =F81*E81 -> 5481532
A82: =A81+0.01 -> 3.12 | C82: Suministro e instalación de salida para interruptor sencillo en zona de iluminación de archivo incluye afectación civil rompiendo pared para la ubicación del mismo. | D82: UN | E82: 1 | F82: 200211 | G82: =F82*E82 -> 200211
A83: =A82+0.01 -> 3.13 | C83: Suministro e instalación interruptor sencillo. | D83: UN | E83: 29 | F83: 28093 | G83: =F83*E83 -> 814697
A84: =A83+0.01 -> 3.14 | C84: Suministro e instalación de interconexión de control de lampara a lampara con cable de control de 2x20 AWG que va en las luminarias que utilizan atenuador de 0-10v | D84: ML | E84: 50 | F84: 11662 | G84: =F84*E84 -> 583100
A85: =A84+0.01 -> 3.15 | C85: Suministro e instalación de encauchetado 3x16AWG desde caja de paso hasta luminaria con accesorios de fijación y empalme eléctrico | D85: ML | E85: 250 | F85: 12694 | G85: =F85*E85 -> 3173500
A86: OBRAS CIVILES
A87: =A85+0.01 -> 3.16 | C87: Reparación de hueco de luminaria retirada | D87: UN | E87: 36 | F87: 22195 | G87: =F87*E87 -> 799020
A88: =A87+0.01 -> 3.17 | C88: Reparación de techo en oficinas por adecuaciones realizadas para salidas eléctricas en control | D88: M2 | E88: 16 | F88: 32874 | G88: =F88*E88 -> 525984
A89: =A88+0.01 -> 3.18 | C89: Pintura de Techo zonas afectadas por hueco de luminaria | D89: UN | E89: 28 | F89: 21818 | G89: =F89*E89 -> 610904
A90: =A89+0.01 -> 3.19 | C90: Pintura de muro zonas afectadas por interruptor de encendido por luminarias nuevas | D90: M2 | E90: 10 | F90: 34726 | G90: =F90*E90 -> 347260
F91: SUBTOTAL | G91: =SUM(G69:G90) -> 66755089
B93: Total costos directos | G93: =+G42+G65+G91 -> 307489077
B94: AIU | F94: 0.25
B95: ADMINISTRACION | F95: 0.19 | G95: =ROUND(G93*F95,0) -> 58422925
B96: IMPREVISTOS | F96: 0.01 | G96: =ROUND(F96*G93,0) -> 3074891
B97: UTILIDAD | F97: 0.05 | G97: =ROUND(F97*G93,0) -> 15374454
B98: Subtotal | G98: =SUM(G93:G97) -> 384361347
B99: IVA SOBRE UTILIDAD | F99: 0.19 | G99: =ROUND(F99*G97,0) -> 2921146
B100: TOTAL PROPUESTA | G100: =SUM(G98:G99) -> 387282493
A102: OBSERVACIONES
A103: ° Los items cotizados se pagarán sobre elementos ejecutados.
A104: ° Cualquier actividad adicional no contemplada en esta cotización , se cotizará y se enviará para aprobación.
A105: 15
B108: REVISÓ: | F108: ELABORÓ:
B110: Ing. JORGE ALBERTO CARDONA C. | F110: Ing. TOMÁS CARDONA O.
B111: Gerente General | F111: Director Comercial

Sheet AVANCE DE OBRA 
A1: FORMATO PROPUESTA ECONÓMICA CON MAYORES CANTIDADES PISO 4- PISO 2-SÓTANO 1
A2: Dirección Seccional de Administración Judicial de Manizales Calle 27 No. 17-19 piso 9º Manizales
H3: AVANCE DE OBRA 1 mayo-7 | K3: AVANCE DE OBRA 2 mayo-8mayo14 | N3: AVANCE DE OBRA 3 mayo-15 mayo 23 | Q3: AVANCE DE OBRA 4 mayo-24 mayo 29 | T3: AVANCE DE OBRA 5 29 DE MAYO AL 05 DE JUNIO | W3: AVANCE DE OBRA 6 07 DE JUNIO O AL 13 DE JUNIO | Z3: AVANCE TOTAL DE OBRA 4 mayo 29
A4: ITEM | B4: DESCRIPCIÓN | C4: UNIDAD | D4: CANT. | E4: VLR.UNIT. | F4: VLR. TOTAL | H4: CANT. | I4: VLR.UNIT. | J4: VLR. TOTAL | K4: CANT. | L4: VLR.UNIT. | M4: VLR. TOTAL | N4: CANT. | O4: VLR.UNIT. | P4: VLR. TOTAL | Q4: CANT. | R4: VLR.UNIT. | S4: VLR. TOTAL | T4: CANT. | U4: VLR.UNIT. | V4: VLR. TOTAL | W4: CANT. | X4: VLR.UNIT. | Y4: VLR. TOTAL | Z4: CANT. | AA4: VLR.UNIT. | AB4: VLR. TOTAL
A5: 1 | B5: CAPÍTULO 1 - PISO 2
A6: SUMINISTRO DE LUMINARIAS NUEVAS - LUMINARIAS EN OFICINAS Y PASILLOS
A7: 1.01 | B7: Suministro e instalación de Luminaria-PANEL LED de 610X600X80 SOBREPONER 50W | C7: UN | D7: 201 | E7: ='FORMATO AIU'!F69 -> 423101 | F7: =+D7*E7 -> 85043301 | I7: =E7 -> 423101 | J7: =I7*H7 -> 0 | L7: =E7 -> 423101 | M7: =L7*K7 -> 0 | N7: 65 | O7: =E7 -> 423101 | P7: =O7*N7 -> 27501565 | Q7: =117-65 -> 52 | R7: =E7 -> 423101 | S7: =R7*Q7 -> 22001252 | T7: 8 | U7: =E7 -> 423101 | V7: =U7*T7 -> 3384808 | W7: =181-125 -> 56 | X7: =E7 -> 423101 | Y7: =X7*W7 -> 23693656 | Z7: =K7+H7+N7+Q7+T7+W7 -> 181 | AA7: =E7 -> 423101 | AB7: =AA7*Z7 -> 76581281
A8: 1.02 | B8: Suministro e instalación de Luminaria EMERGENCIA LED | C8: UN | D8: 48 | E8: ='FORMATO AIU'!F19 -> 153122 | F8: =+D8*E8 -> 7349856 | I8: =E8 -> 153122 | J8: =I8*H8 -> 0 | L8: =E8 -> 153122 | M8: =L8*K8 -> 0 | N8: 45 | O8: =E8 -> 153122 | P8: =O8*N8 -> 6890490 | Q8: 0 | R8: =E8 -> 153122 | S8: =R8*Q8 -> 0 | T8: 1 | U8: =E8 -> 153122 | V8: =U8*T8 -> 153122 | W8: 2 | X8: =E8 -> 153122 | Y8: =X8*W8 -> 306244 | Z8: =K8+H8+N8+Q8+T8+W8 -> 48 | AA8: =E8 -> 153122 | AB8: =AA8*Z8 -> 7349856
A9: 1.03 | B9: Suministro e instalación de Luminaria - HERMETICA IT 1OO AQ DUNA LENS E10 660X95X100 SOBRE PONER18W | C9: UN | D9: 8 | E9: ='FORMATO AIU'!F20 -> 262004 | F9: =+D9*E9 -> 2096032 | I9: =E9 -> 262004 | J9: =I9*H9 -> 0 | L9: =E9 -> 262004 | M9: =L9*K9 -> 0 | N9: 4 | O9: =E9 -> 262004 | P9: =O9*N9 -> 1048016 | Q9: 0 | R9: =E9 -> 262004 | S9: =R9*Q9 -> 0 | T9: 0 | U9: =E9 -> 262004 | V9: =U9*T9 -> 0 | W9: 0 | X9: =E9 -> 262004 | Y9: =X9*W9 -> 0 | Z9: =K9+H9+N9+Q9+T9+W9 -> 4 | AA9: =E9 -> 262004 | AB9: =AA9*Z9 -> 1048016
A10: 1.04 | B10: Suministro e instalación de Luminaria BALA LED REDONDA 22W pasillos | C10: UN | D10: 28 | E10: ='FORMATO AIU'!F21 -> 169031 | F10: =+D10*E10 -> 4732868 | I10: =E10 -> 169031 | J10: =I10*H10 -> 0 | L10: =E10 -> 169031 | M10: =L10*K10 -> 0 | N10: 28 | O10: =E10 -> 169031 | P10: =O10*N10 -> 4732868 | Q10: 0 | R10: =E10 -> 169031 | S10: =R10*Q10 -> 0 | T10: 0 | U10: =E10 -> 169031 | V10: =U10*T10 -> 0 | W10: 0 | X10: =E10 -> 169031 | Y10: =X10*W10 -> 0 | Z10: =K10+H10+N10+Q10+T10+W10 -> 28 | AA10: =E10 -> 169031 | AB10: =AA10*Z10 -> 4732868
A11: ADECUACIONES EN OFICINA Y EDIFICIO - ELECTRICAS DE REDES EXISTENTES | L11: =E11 -> 0 | O11: =E11 -> 0 | R11: =E11 -> 0 | U11: =E11 -> 0 | V11: =U11*T11 -> 0 | X11: =E11 -> 0 | Y11: =X11*W11 -> 0 | Z11: =K11+H11+N11+Q11+T11+W11 -> 0
A12: 1.05 | B12: Retiro de Luminaria Existente de 60x60 | C12: UN | D12: 201 | E12: ='FORMATO AIU'!F23 -> 23214 | F12: =+E12*D12 -> 4666014 | H12: 49 | I12: =E12 -> 23214 | J12: =I12*H12 -> 1137486 | K12: =91-49 -> 42 | L12: =E12 -> 23214 | M12: =L12*K12 -> 974988 | N12: =172-K12-H12 -> 81 | O12: =E12 -> 23214 | P12: =O12*N12 -> 1880334 | Q12: 0 | R12: =E12 -> 23214 | S12: =R12*Q12 -> 0 | T12: 12 | U12: =E12 -> 23214 | V12: =U12*T12 -> 278568 | W12: 7 | X12: =E12 -> 23214 | Y12: =X12*W12 -> 162498 | Z12: =K12+H12+N12+Q12+T12+W12 -> 191 | AA12: =E12 -> 23214 | AB12: =Z12*AA12 -> 4433874
A13: 1.06 | B13: Retiro de Luminaria Existente bala led de 22 w en pasillos | C13: UN | D13: 28 | E13: ='FORMATO AIU'!F24 -> 23214 | F13: =+E13*D13 -> 649992 | H13: 13 | I13: =E13 -> 23214 | J13: =I13*H13 -> 301782 | K13: =28-13 -> 15 | L13: =E13 -> 23214 | M13: =L13*K13 -> 348210 | N13: 0 | O13: =E13 -> 23214 | P13: =O13*N13 -> 0 | Q13: 1 | R13: =E13 -> 23214 | S13: =R13*Q13 -> 23214 | T13: 0 | U13: =E13 -> 23214 | V13: =U13*T13 -> 0 | W13: 0 | X13: =E13 -> 23214 | Y13: =X13*W13 -> 0 | Z13: =K13+H13+N13+Q13+T13+W13 -> 29 | AA13: =E13 -> 23214 | AB13: =AA13*Z13 -> 673206
A14: 1.07 | B14: Suspensión aislada de punto eléctrico existente | C14: UN | D14: 60 | E14: ='FORMATO AIU'!F25 -> 11386 | F14: =+E14*D14 -> 683160 | H14: 4 | I14: =E14 -> 11386 | J14: =I14*H14 -> 45544 | K14: =30-6 -> 24 | L14: =E14 -> 11386 | M14: =L14*K14 -> 273264 | O14: =E14 -> 11386 | P14: =O14*N14 -> 0 | Q14: =45-28 -> 17 | R14: =E14 -> 11386 | S14: =R14*Q14 -> 193562 | T14: 15 | U14: =E14 -> 11386 | V14: =U14*T14 -> 170790 | X14: =E14 -> 11386 | Y14: =X14*W14 -> 0 | Z14: =K14+H14+N14+Q14+T14+W14 -> 60 | AA14: =E14 -> 11386 | AB14: =AA14*Z14 -> 683160
A15: 1.08 | B15: Reubicación de punto eléctrico | C15: UN | D15: 60 | E15: ='FORMATO AIU'!F26 -> 44019 | F15: =+E15*D15 -> 2641140 | H15: 6 | I15: =E15 -> 44019 | J15: =I15*H15 -> 264114 | K15: =30-6 -> 24 | L15: =E15 -> 44019 | M15: =L15*K15 -> 1056456 | N15: =202-H15-K15 -> 172 | O15: =E15 -> 44019 | P15: =O15*N15 -> 7571268 | Q15: 60 | R15: =E15 -> 44019 | S15: =R15*Q15 -> 2641140 | T15: 60 | U15: =E15 -> 44019 | V15: =U15*T15 -> 2641140 | W15: 60 | X15: =E15 -> 44019 | Y15: =X15*W15 -> 2641140 | Z15: 60 | AA15: =E15 -> 44019 | AB15: =AA15*Z15 -> 2641140
A16: 1.09 | B16: Adecuación de Alimentación de luminarias existentes para unificar circuito de emergencia y circuito Normal | C16: UN | D16: 60 | E16: ='FORMATO AIU'!F27 -> 219889 | F16: =+E16*D16 -> 13193340 | H16: 8 | I16: =E16 -> 219889 | J16: =I16*H16 -> 1759112 | K16: =30-8 -> 22 | L16: =E16 -> 219889 | M16: =L16*K16 -> 4837558 | N16: 15 | O16: =E16 -> 219889 | P16: =O16*N16 -> 3298335 | Q16: 15 | R16: =E16 -> 219889 | S16: =R16*Q16 -> 3298335 | T16: 59 | U16: =E16 -> 219889 | V16: =U16*T16 -> 12973451 | X16: =E16 -> 219889 | Y16: =X16*W16 -> 0 | Z16: =K16+H16+N16+Q16+T16+W16 -> 119 | AA16: =E16 -> 219889 | AB16: =AA16*Z16 -> 26166791
A17: ELECTRICAS DE CONTROL DE ALUMBRADO | L17: =E17 -> 0 | O17: =E17 -> 0 | R17: =E17 -> 0 | U17: =E17 -> 0 | V17: =U17*T17 -> 0 | X17: =E17 -> 0 | Y17: =X17*W17 -> 0 | Z17: =K17+H17+N17+Q17+T17+W17 -> 0
A18: 1.1 | B18: Suministro e instalación de sensor provolt | C18: UN | D18: 23 | E18: ='FORMATO AIU'!F29 -> 2001431 | F18: =+D18*E18 -> 46032913 | H18: 6 | I18: =E18 -> 2001431 | J18: =I18*H18 -> 12008586 | K18: =10-6 -> 4 | L18: =E18 -> 2001431 | M18: =L18*K18 -> 8005724 | N18: 8 | O18: =E18 -> 2001431 | P18: =O18*N18 -> 16011448 | Q18: 0 | R18: =E18 -> 2001431 | S18: =R18*Q18 -> 0 | T18: 0 | U18: =E18 -> 2001431 | V18: =U18*T18 -> 0 | W18: 1 | X18: =E18 -> 2001431 | Y18: =X18*W18 -> 2001431 | Z18: =K18+H18+N18+Q18+T18+W18 -> 19 | AA18: =E18 -> 2001431 | AB18: =AA18*Z18 -> 38027189
A19: 1.11 | B19: Suministro e instalación de Botonera 4 botones para atenuar luminarias a través de sensor | C19: UN | D19: 23 | E19: ='FORMATO AIU'!F30 -> 476289 | F19: =+D19*E19 -> 10954647 | H19: 1 | I19: =E19 -> 476289 | J19: =I19*H19 -> 476289 | L19: =E19 -> 476289 | M19: =L19*K19 -> 0 | O19: =E19 -> 476289 | P19: =O19*N19 -> 0 | Q19: 12 | R19: =E19 -> 476289 | S19: =R19*Q19 -> 5715468 | T19: 5 | U19: =E19 -> 476289 | V19: =U19*T19 -> 2381445 | W19: 1 | X19: =E19 -> 476289 | Y19: =X19*W19 -> 476289 | Z19: =K19+H19+N19+Q19+T19+W19 -> 19 | AA19: =E19 -> 476289 | AB19: =AA19*Z19 -> 9049491
A20: 1.12 | B20: Suministro e instalación de interconexión de control de lampara a lampara con cable de control de 2x20 AWG que va en las luminarias que utilizan atenuador de 0-10v | C20: ML | D20: 1250 | E20: ='FORMATO AIU'!F31 -> 11662 | F20: =+D20*E20 -> 14577500 | H20: 280 | I20: =E20 -> 11662 | J20: =I20*H20 -> 3265360 | K20: =530-280 -> 250 | L20: =E20 -> 11662 | M20: =L20*K20 -> 2915500 | N20: =981-H20-K20 -> 451 | O20: =E20 -> 11662 | P20: =O20*N20 -> 5259562 | Q20: 0 | R20: =E20 -> 11662 | S20: =R20*Q20 -> 0 | T20: =1029-981-3 -> 45 | U20: =E20 -> 11662 | V20: =U20*T20 -> 524790 | W20: =1111.95-1026 -> 85.95 | X20: =E20 -> 11662 | Y20: =X20*W20 -> 1002348.9 | Z20: =K20+H20+N20+Q20+T20+W20 -> 1111.95 | AA20: =E20 -> 11662 | AB20: =AA20*Z20 -> 12967561
A21: 1.13 | B21: Suministro e instalación de encauchetado 3x16AWG desde caja de paso hasta luminaria con accesorios de fijación y empalme eléctrico | C21: ML | D21: 350 | E21: ='FORMATO AIU'!F32 -> 12694 | F21: =+D21*E21 -> 4442900 | H21: 73.5 | I21: =E21 -> 12694 | J21: =I21*H21 -> 933009 | K21: =136.5-H21 -> 63 | L21: =E21 -> 12694 | M21: =L21*K21 -> 799722 | N21: =303.81-H21-K21 -> 167.31 | O21: =E21 -> 12694 | P21: =O21*N21 -> 2123833.1 | Q21: 0 | R21: =E21 -> 12694 | S21: =R21*Q21 -> 0 | T21: =340-303.81 -> 36.19 | U21: =E21 -> 12694 | V21: =U21*T21 -> 459395.86 | W21: -5 | X21: =E21 -> 12694 | Y21: =X21*W21 -> -63470 | Z21: =K21+H21+N21+Q21+T21+W21 -> 335 | AA21: =E21 -> 12694 | AB21: =AA21*Z21 -> 4252490
A22: 1.14 | B22: Suministro e instalación de salida para iluminación en zona de iluminación de lámparas de emergencia para cumplir requerimiento RETILAP. No incluye tubería, ni circuitos de alimentación. | C22: UN | D22: 27 | E22: ='FORMATO AIU'!F33 -> 122853 | F22: =+D22*E22 -> 3317031 | H22: 11 | I22: =E22 -> 122853 | J22: =I22*H22 -> 1351383 | K22: =19-H22 -> 8 | L22: =E22 -> 122853 | M22: =L22*K22 -> 982824 | N22: =45-H22-K22 -> 26 | O22: =E22 -> 122853 | P22: =O22*N22 -> 3194178 | Q22: 27 | R22: =E22 -> 122853 | S22: =R22*Q22 -> 3317031 | T22: 27 | U22: =E22 -> 122853 | V22: =U22*T22 -> 3317031 | W22: -66 | X22: =E22 -> 122853 | Y22: =X22*W22 -> -8108298 | Z22: 31 | AA22: =E22 -> 122853 | AB22: =AA22*Z22 -> 3808443
A23: 1.15 | B23: Suministro e instalación interruptor sencillo. | C23: UN | D23: 16 | E23: ='FORMATO AIU'!F34 -> 28093 | F23: =+D23*E23 -> 449488 | H23: 0 | I23: =E23 -> 28093 | J23: =I23*H23 -> 0 | L23: =E23 -> 28093 | M23: =L23*K23 -> 0 | N23: 13 | O23: =E23 -> 28093 | P23: =O23*N23 -> 365209 | Q23: 0 | R23: =E23 -> 28093 | S23: =R23*Q23 -> 0 | T23: 14 | U23: =E23 -> 28093 | V23: =U23*T23 -> 393302 | W23: -13 | X23: =E23 -> 28093 | Y23: =X23*W23 -> -365209 | Z23: =K23+H23+N23+Q23+T23+W23 -> 14 | AA23: =E23 -> 28093 | AB23: =AA23*Z23 -> 393302
A24: OBRAS CIVILES | L24: =E24 -> 0 | O24: =E24 -> 0 | R24: =E24 -> 0 | U24: =E24 -> 0 | V24: =U24*T24 -> 0 | X24: =E24 -> 0 | Y24: =X24*W24 -> 0 | Z24: =K24+H24+N24+Q24+T24+W24 -> 0 | AA24: =E24 -> 0
A25: 1.16 | B25: Reparación de hueco de luminaria retirada | C25: UN | D25: 165 | E25: ='FORMATO AIU'!F36 -> 22195 | F25: =+D25*E25 -> 3662175 | I25: =E25 -> 22195 | J25: =I25*H25 -> 0 | L25: =E25 -> 22195 | M25: =L25*K25 -> 0 | N25: 7 | O25: =E25 -> 22195 | P25: =O25*N25 -> 155365 | Q25: =159-7 -> 152 | R25: =E25 -> 22195 | S25: =R25*Q25 -> 3373640 | T25: 2 | U25: =E25 -> 22195 | V25: =U25*T25 -> 44390 | W25: 150 | X25: =E25 -> 22195 | Y25: =X25*W25 -> 3329250 | Z25: 150 | AA25: =E25 -> 22195 | AB25: =AA25*Z25 -> 3329250
A26: 1.17 | B26: Reparación de techo en oficinas por adecuaciones realizadas para salidas eléctricas en control | C26: M2 | D26: 125 | E26: ='FORMATO AIU'!F37 -> 32874 | F26: =+D26*E26 -> 4109250 | I26: =E26 -> 32874 | J26: =I26*H26 -> 0 | L26: =E26 -> 32874 | M26: =L26*K26 -> 0 | N26: =18 -> 18 | O26: =E26 -> 32874 | P26: =O26*N26 -> 591732 | Q26: =115-18 -> 97 | R26: =E26 -> 32874 | S26: =R26*Q26 -> 3188778 | T26: 0 | U26: =E26 -> 32874 | V26: =U26*T26 -> 0 | W26: 1 | X26: =E26 -> 32874 | Y26: =X26*W26 -> 32874 | Z26: =K26+H26+N26+Q26+T26+W26 -> 116 | AA26: =E26 -> 32874 | AB26: =AA26*Z26 -> 3813384
A27: 1.18 | B27: Reparación de muro afectado por interruptor de encendido por luminarias nuevas | C27: UN | D27: 8 | E27: ='FORMATO AIU'!F38 -> 34726 | F27: =+D27*E27 -> 277808 | H27: 6 | I27: =E27 -> 34726 | J27: =I27*H27 -> 208356 | K27: 0 | L27: =E27 -> 34726 | M27: =L27*K27 -> 0 | N27: 19 | O27: =E27 -> 34726 | P27: =O27*N27 -> 659794 | Q27: 19 | R27: =E27 -> 34726 | S27: =R27*Q27 -> 659794 | T27: 20 | U27: =E27 -> 34726 | V27: =U27*T27 -> 694520 | X27: =E27 -> 34726 | Y27: =X27*W27 -> 0 | Z27: 8 | AA27: =E27 -> 34726 | AB27: =AA27*Z27 -> 277808
A28: 1.19 | B28: Pintura de Techo zonas afectadas por hueco de luminaria | C28: UN | D28: 126 | E28: ='FORMATO AIU'!F39 -> 21818 | F28: =+D28*E28 -> 2749068 | H28: 49 | I28: =E28 -> 21818 | J28: =I28*H28 -> 1069082 | K28: =91-H28 -> 42 | L28: =E28 -> 21818 | M28: =L28*K28 -> 916356 | N28: =626.23-K28-H28 -> 535.23 | O28: =E28 -> 21818 | P28: =O28*N28 -> 11677648 | Q28: 119 | R28: =E28 -> 21818 | S28: =R28*Q28 -> 2596342 | T28: 126 | U28: =E28 -> 21818 | V28: =U28*T28 -> 2749068 | X28: =E28 -> 21818 | Y28: =X28*W28 -> 0 | Z28: 138 | AA28: =E28 -> 21818 | AB28: =AA28*Z28 -> 3010884
A29: 1.2 | B29: Pintura de muro zonas afectadas por interruptor de encendido por luminarias nuevas en archivos | C29: M2 | D29: 12 | E29: ='FORMATO AIU'!F40 -> 29677 | F29: =+D29*E29 -> 356124 | H29: 3 | I29: =E29 -> 29677 | J29: =I29*H29 -> 89031 | K29: 3 | L29: =E29 -> 29677 | M29: =L29*K29 -> 89031 | N29: =19-H29-K29 -> 13 | O29: =E29 -> 29677 | P29: =O29*N29 -> 385801 | Q29: 12 | R29: =E29 -> 29677 | S29: =R29*Q29 -> 356124 | T29: 12 | U29: =E29 -> 29677 | V29: =U29*T29 -> 356124 | X29: =E29 -> 29677 | Y29: =X29*W29 -> 0 | Z29: 14 | AA29: =E29 -> 29677 | AB29: =AA29*Z29 -> 415478
A30: 1.21 | B30: Pintura de Techo zonas afectadas por adecuaciones realizadas para salidas eléctricas en control | C30: UN | D30: 8 | E30: ='FORMATO AIU'!F41 -> 29677 | F30: =+D30*E30 -> 237416 | H30: 1 | I30: =E30 -> 29677 | J30: =I30*H30 -> 29677 | K30: 3 | L30: =E30 -> 29677 | M30: =L30*K30 -> 89031 | O30: =E30 -> 29677 | P30: =O30*N30 -> 0 | Q30: 4 | R30: =E30 -> 29677 | S30: =R30*Q30 -> 118708 | U30: =E30 -> 29677 | V30: =U30*T30 -> 0 | W30: 1 | X30: =E30 -> 29677 | Y30: =X30*W30 -> 29677 | Z30: =K30+H30+N30+Q30+T30+W30 -> 9 | AA30: =E30 -> 29677 | AB30: =AA30*Z30 -> 267093
A31: 2 | B31: CAPÍTULO 2- PISO 4 | L31: =E31 -> 0 | O31: =E31 -> 0 | R31: =E31 -> 0 | U31: =E31 -> 0 | V31: =U31*T31 -> 0 | X31: =E31 -> 0 | Y31: =X31*W31 -> 0 | Z31: =K31+H31+N31+Q31+T31+W31 -> 0 | AA31: =E31 -> 0
A32: SUMINISTRO DE LUMINARIAS NUEVAS - LUMINARIAS EN OFICINAS Y PASILLOS | L32: =E32 -> 0 | O32: =E32 -> 0 | R32: =E32 -> 0 | U32: =E32 -> 0 | V32: =U32*T32 -> 0 | X32: =E32 -> 0 | Y32: =X32*W32 -> 0 | Z32: =K32+H32+N32+Q32+T32+W32 -> 0 | AA32: =E32 -> 0
A33: 2.01 | B33: Suministro e instalación de Luminaria-PANEL LED de 610X600X80 SOBREPONER 50W | C33: UN | D33: 20 | E33: ='FORMATO AIU'!F46 -> 423101 | F33: =+D33*E33 -> 8462020 | I33: =E33 -> 423101 | J33: =I33*H33 -> 0 | L33: =E33 -> 423101 | M33: =L33*K33 -> 0 | O33: =E33 -> 423101 | P33: =O33*N33 -> 0 | Q33: 20 | R33: =E33 -> 423101 | S33: =R33*Q33 -> 8462020 | T33: 2 | U33: =E33 -> 423101 | V33: =U33*T33 -> 846202 | X33: =E33 -> 423101 | Y33: =X33*W33 -> 0 | Z33: 20 | AA33: =E33 -> 423101 | AB33: =AA33*Z33 -> 8462020
A34: 2.02 | B34: Suministro e instalación de Luminaria BALA LED REDONDA 22W | C34: UN | D34: 4 | E34: ='FORMATO AIU'!F47 -> 169031 | F34: =+D34*E34 -> 676124 | I34: =E34 -> 169031 | J34: =I34*H34 -> 0 | L34: =E34 -> 169031 | M34: =L34*K34 -> 0 | O34: =E34 -> 169031 | P34: =O34*N34 -> 0 | Q34: 4 | R34: =E34 -> 169031 | S34: =R34*Q34 -> 676124 | U34: =E34 -> 169031 | V34: =U34*T34 -> 0 | W34: 3 | X34: =E34 -> 169031 | Y34: =X34*W34 -> 507093 | Z34: =K34+H34+N34+Q34+T34+W34 -> 7 | AA34: =E34 -> 169031 | AB34: =AA34*Z34 -> 1183217
A35: 2.03 | B35: Suministro e instalación de Luminaria Bombillas LED – CCCE | C35: UN | D35: 28 | E35: ='FORMATO AIU'!F48 -> 236182 | F35: =+D35*E35 -> 6613096 | I35: =E35 -> 236182 | J35: =I35*H35 -> 0 | L35: =E35 -> 236182 | M35: =L35*K35 -> 0 | O35: =E35 -> 236182 | P35: =O35*N35 -> 0 | Q35: 28 | R35: =E35 -> 236182 | S35: =R35*Q35 -> 6613096 | T35: 27 | U35: =E35 -> 236182 | V35: =U35*T35 -> 6376914 | X35: =E35 -> 236182 | Y35: =X35*W35 -> 0 | Z35: 27 | AA35: =E35 -> 236182 | AB35: =AA35*Z35 -> 6376914
A36: 2.04 | B36: Suministro e instalación de Luminaria - HERMETICA IT 1OO AQ DUNA LENS E10 660X95X100 SOBRE PONER18W | C36: UN | D36: 6 | E36: ='FORMATO AIU'!F49 -> 262004 | F36: =+D36*E36 -> 1572024 | I36: =E36 -> 262004 | J36: =I36*H36 -> 0 | L36: =E36 -> 262004 | M36: =L36*K36 -> 0 | N36: 6 | O36: =E36 -> 262004 | P36: =O36*N36 -> 1572024 | R36: =E36 -> 262004 | S36: =R36*Q36 -> 0 | T36: 4 | U36: =E36 -> 262004 | V36: =U36*T36 -> 1048016 | W36: -3 | X36: =E36 -> 262004 | Y36: =X36*W36 -> -786012 | Z36: 4 | AA36: =E36 -> 262004 | AB36: =AA36*Z36 -> 1048016
A37: 2.05 | B37: Suministro e instalación de Luminaria EMERGENCIA LED | C37: UN | D37: 7 | E37: ='FORMATO AIU'!F50 -> 153122 | F37: =+D37*E37 -> 1071854 | I37: =E37 -> 153122 | J37: =I37*H37 -> 0 | L37: =E37 -> 153122 | M37: =L37*K37 -> 0 | N37: 7 | O37: =E37 -> 153122 | P37: =O37*N37 -> 1071854 | R37: =E37 -> 153122 | S37: =R37*Q37 -> 0 | T37: 6 | U37: =E37 -> 153122 | V37: =U37*T37 -> 918732 | W37: -6 | X37: =E37 -> 153122 | Y37: =X37*W37 -> -918732 | Z37: 6 | AA37: =E37 -> 153122 | AB37: =AA37*Z37 -> 918732
A38: ADECUACIONES EN OFICINA Y EDIFICIO - ELECTRICAS DE REDES EXISTENTES | L38: =E38 -> 0 | O38: =E38 -> 0 | R38: =E38 -> 0 | U38: =E38 -> 0 | V38: =U38*T38 -> 0 | X38: =E38 -> 0 | Y38: =X38*W38 -> 0 | Z38: =K38+H38+N38+Q38+T38+W38 -> 0 | AA38: =E38 -> 0
A39: 2.06 | B39: Retiro de Luminaria Existente de 60x60 | C39: UN | D39: 20 | E39: ='FORMATO AIU'!F52 -> 23214 | F39: =+E39*D39 -> 464280 | I39: =E39 -> 23214 | J39: =I39*H39 -> 0 | L39: =E39 -> 23214 | M39: =L39*K39 -> 0 | N39: 3 | O39: =E39 -> 23214 | P39: =O39*N39 -> 69642 | Q39: 3 | R39: =E39 -> 23214 | S39: =R39*Q39 -> 69642 | T39: 14 | U39: =E39 -> 23214 | V39: =U39*T39 -> 324996 | X39: =E39 -> 23214 | Y39: =X39*W39 -> 0 | Z39: =K39+H39+N39+Q39+T39+W39 -> 20 | AA39: =E39 -> 23214 | AB39: =AA39*Z39 -> 464280
A40: 2.07 | B40: Retiro de Luminaria Colgante | C40: UN | D40: 28 | E40: ='FORMATO AIU'!F53 -> 23214 | F40: =+E40*D40 -> 649992 | I40: =E40 -> 23214 | J40: =I40*H40 -> 0 | L40: =E40 -> 23214 | M40: =L40*K40 -> 0 | N40: 0 | O40: =E40 -> 23214 | P40: =O40*N40 -> 0 | Q40: 28 | R40: =E40 -> 23214 | S40: =R40*Q40 -> 649992 | T40: 0 | U40: =E40 -> 23214 | V40: =U40*T40 -> 0 | W40: 20 | X40: =E40 -> 23214 | Y40: =X40*W40 -> 464280 | Z40: =K40+H40+N40+Q40+T40+W40 -> 48 | AA40: =E40 -> 23214 | AB40: =AA40*Z40 -> 1114272
A41: ELECTRICAS DE CONTROL DE ALUMBRADO | L41: =E41 -> 0 | O41: =E41 -> 0 | R41: =E41 -> 0 | U41: =E41 -> 0 | V41: =U41*T41 -> 0 | X41: =E41 -> 0 | Y41: =X41*W41 -> 0 | Z41: =K41+H41+N41+Q41+T41+W41 -> 0 | AA41: =E41 -> 0
A42: 2.08 | B42: Suministro e instalación de interconexión de control de lampara a lampara con cable de control de 2x20 AWG que va en las luminarias que utilizan atenuador de 0-10v | C42: ML | D42: 50 | E42: ='FORMATO AIU'!F55 -> 11662 | F42: =+D42*E42 -> 583100 | I42: =E42 -> 11662 | J42: =I42*H42 -> 0 | L42: =E42 -> 11662 | M42: =L42*K42 -> 0 | O42: =E42 -> 11662 | P42: =O42*N42 -> 0 | R42: =E42 -> 11662 | S42: =R42*Q42 -> 0 | U42: =E42 -> 11662 | V42: =U42*T42 -> 0 | X42: =E42 -> 11662 | Y42: =X42*W42 -> 0 | Z42: =K42+H42+N42+Q42+T42+W42 -> 0 | AA42: =E42 -> 11662 | AB42: =AA42*Z42 -> 0
A43: 2.09 | B43: Suministro e instalación de sensor provolt | C43: UN | D43: 1 | E43: ='FORMATO AIU'!F56 -> 2001431 | F43: =+D43*E43 -> 2001431 | I43: =E43 -> 2001431 | J43: =I43*H43 -> 0 | L43: =E43 -> 2001431 | M43: =L43*K43 -> 0 | O43: =E43 -> 2001431 | P43: =O43*N43 -> 0 | R43: =E43 -> 2001431 | S43: =R43*Q43 -> 0 | U43: =E43 -> 2001431 | V43: =U43*T43 -> 0 | X43: =E43 -> 2001431 | Y43: =X43*W43 -> 0 | Z43: =K43+H43+N43+Q43+T43+W43 -> 0 | AA43: =E43 -> 2001431 | AB43: =AA43*Z43 -> 0
A44: 2.1 | B44: Suministro e instalación de Botonera 4 botones para atenuar luminarias a través de sensor | C44: UN | D44: 1 | E44: ='FORMATO AIU'!F57 -> 476289 | F44: =+D44*E44 -> 476289 | I44: =E44 -> 476289 | J44: =I44*H44 -> 0 | L44: =E44 -> 476289 | M44: =L44*K44 -> 0 | O44: =E44 -> 476289 | P44: =O44*N44 -> 0 | R44: =E44 -> 476289 | S44: =R44*Q44 -> 0 | U44: =E44 -> 476289 | V44: =U44*T44 -> 0 | X44: =E44 -> 476289 | Y44: =X44*W44 -> 0 | Z44: =K44+H44+N44+Q44+T44+W44 -> 0 | AA44: =E44 -> 476289 | AB44: =AA44*Z44 -> 0
A45: 2.11 | B45: Suministro e instalación de encauchetado 3x16AWG desde caja de paso hasta luminaria con accesorios de fijación y empalme eléctrico | C45: ML | D45: 200 | E45: ='FORMATO AIU'!F58 -> 12694 | F45: =+D45*E45 -> 2538800 | I45: =E45 -> 12694 | J45: =I45*H45 -> 0 | L45: =E45 -> 12694 | M45: =L45*K45 -> 0 | N45: 19.38 | O45: =E45 -> 12694 | P45: =O45*N45 -> 246009.72 | Q45: =83.49-19.38 -> 64.11 | R45: =E45 -> 12694 | S45: =R45*Q45 -> 813812.34 | T45: 96 | U45: =E45 -> 12694 | V45: =U45*T45 -> 1218624 | W45: =217.65-179.49 -> 38.16 | X45: =E45 -> 12694 | Y45: =X45*W45 -> 484403.04 | Z45: =K45+H45+N45+Q45+T45+W45 -> 217.65 | AA45: =E45 -> 12694 | AB45: =AA45*Z45 -> 2762849.1
A46: 2.12 | B46: Suministro e instalación interruptor sencillo. | C46: UN | D46: 9 | E46: ='FORMATO AIU'!F59 -> 28093 | F46: =+D46*E46 -> 252837 | I46: =E46 -> 28093 | J46: =I46*H46 -> 0 | L46: =E46 -> 28093 | M46: =L46*K46 -> 0 | N46: 3 | O46: =E46 -> 28093 | P46: =O46*N46 -> 84279 | Q46: 7 | R46: =E46 -> 28093 | S46: =R46*Q46 -> 196651 | U46: =E46 -> 28093 | V46: =U46*T46 -> 0 | W46: 5 | X46: =E46 -> 28093 | Y46: =X46*W46 -> 140465 | Z46: =K46+H46+N46+Q46+T46+W46 -> 15 | AA46: =E46 -> 28093 | AB46: =AA46*Z46 -> 421395
A47: OBRAS CIVILES | L47: =E47 -> 0 | O47: =E47 -> 0 | R47: =E47 -> 0 | U47: =E47 -> 0 | V47: =U47*T47 -> 0 | X47: =E47 -> 0 | Y47: =X47*W47 -> 0 | Z47: =K47+H47+N47+Q47+T47+W47 -> 0 | AA47: =E47 -> 0
A48: 2.13 | B48: Reparación de hueco de luminaria retirada | C48: UN | D48: 20 | E48: ='FORMATO AIU'!F61 -> 22195 | F48: =+D48*E48 -> 443900 | I48: =E48 -> 22195 | J48: =I48*H48 -> 0 | L48: =E48 -> 22195 | M48: =L48*K48 -> 0 | N48: 3 | O48: =E48 -> 22195 | P48: =O48*N48 -> 66585 | Q48: 7 | R48: =E48 -> 22195 | S48: =R48*Q48 -> 155365 | T48: 8 | U48: =E48 -> 22195 | V48: =U48*T48 -> 177560 | W48: 6 | X48: =E48 -> 22195 | Y48: =X48*W48 -> 133170 | Z48: 28 | AA48: =E48 -> 22195 | AB48: =AA48*Z48 -> 621460
A49: 2.14 | B49: Reparación de techo en oficinas por adecuaciones realizadas para salidas eléctricas en control | C49: M2 | D49: 24 | E49: ='FORMATO AIU'!F62 -> 32874 | F49: =+D49*E49 -> 788976 | I49: =E49 -> 32874 | J49: =I49*H49 -> 0 | L49: =E49 -> 32874 | M49: =L49*K49 -> 0 | O49: =E49 -> 32874 | P49: =O49*N49 -> 0 | R49: =E49 -> 32874 | S49: =R49*Q49 -> 0 | U49: =E49 -> 32874 | V49: =U49*T49 -> 0 | W49: 21 | X49: =E49 -> 32874 | Y49: =X49*W49 -> 690354 | Z49: 64 | AA49: =E49 -> 32874 | AB49: =AA49*Z49 -> 2103936
A50: 2.15 | B50: Pintura de Techo zonas afectadas por hueco de luminaria | C50: UN | D50: 64 | E50: ='FORMATO AIU'!F63 -> 21818 | F50: =+D50*E50 -> 1396352 | I50: =E50 -> 21818 | J50: =I50*H50 -> 0 | L50: =E50 -> 21818 | M50: =L50*K50 -> 0 | N50: 3 | O50: =E50 -> 21818 | P50: =O50*N50 -> 65454 | Q50: 7 | R50: =E50 -> 21818 | S50: =R50*Q50 -> 152726 | T50: 9 | U50: =E50 -> 21818 | V50: =U50*T50 -> 196362 | X50: =E50 -> 21818 | Y50: =X50*W50 -> 0 | Z50: 15 | AA50: =E50 -> 21818 | AB50: =AA50*Z50 -> 327270
A51: 2.16 | B51: Pintura de muro zonas afectadas por interruptor de encendido por luminarias nuevas | C51: M2 | D51: 15 | E51: ='FORMATO AIU'!F64 -> 34726 | F51: =+D51*E51 -> 520890 | I51: =E51 -> 34726 | J51: =I51*H51 -> 0 | L51: =E51 -> 34726 | M51: =L51*K51 -> 0 | O51: =E51 -> 34726 | P51: =O51*N51 -> 0 | R51: =E51 -> 34726 | S51: =R51*Q51 -> 0 | U51: =E51 -> 34726 | V51: =U51*T51 -> 0 | X51: =E51 -> 34726 | Y51: =X51*W51 -> 0 | Z51: =K51+H51+N51+Q51+T51+W51 -> 0 | AA51: =E51 -> 34726 | AB51: =AA51*Z51 -> 0
A52: 3 | B52: CAPÍTULO 3- SOTANO 1 | L52: =E52 -> 0 | O52: =E52 -> 0 | R52: =E52 -> 0 | U52: =E52 -> 0 | V52: =U52*T52 -> 0 | X52: =E52 -> 0 | Y52: =X52*W52 -> 0 | Z52: =K52+H52+N52+Q52+T52+W52 -> 0 | AA52: =E52 -> 0
A53: ITEM | B53: DESCRIPCIÓN | C53: UNIDAD | D53: CANT. | E53: VLR.UNIT. | F53: VLR. TOTAL | R53: =E53 -> VLR.UNIT. | X53: =E53 -> VLR.UNIT. | Z53: =K53+H53+N53+Q53+T53+W53 -> 0
A54: SUMINISTRO DE LUMINARIAS NUEVAS - LUMINARIAS EN OFICINAS Y PASILLOS | L54: =E54 -> 0 | O54: =E54 -> 0 | R54: =E54 -> 0 | U54: =E54 -> 0 | V54: =U54*T54 -> 0 | X54: =E54 -> 0 | Y54: =X54*W54 -> 0 | Z54: =K54+H54+N54+Q54+T54+W54 -> 0 | AA54: =E54 -> 0
A55: 3.01 | B55: Suministro e instalación de Luminaria-PANEL LED de 610X600X80 SOBREPONER 50W | C55: UN | D55: 36 | E55: ='FORMATO AIU'!F69 -> 423101 | F55: =+D55*E55 -> 15231636 | I55: =E55 -> 423101 | J55: =I55*H55 -> 0 | L55: =E55 -> 423101 | M55: =L55*K55 -> 0 | O55: =E55 -> 423101 | P55: =O55*N55 -> 0 | Q55: 8 | R55: =E55 -> 423101 | S55: =R55*Q55 -> 3384808 | T55: 1 | U55: =E55 -> 423101 | V55: =U55*T55 -> 423101 | W55: =24-9 -> 15 | X55: =E55 -> 423101 | Y55: =X55*W55 -> 6346515 | Z55: =K55+H55+N55+Q55+T55+W55 -> 24 | AA55: =E55 -> 423101 | AB55: =AA55*Z55 -> 10154424
A56: 3.02 | B56: Suministro e instalación de Luminaria EMERGENCIA LED | C56: UN | D56: 28 | E56: ='FORMATO AIU'!F70 -> 153122 | F56: =+D56*E56 -> 4287416 | I56: =E56 -> 153122 | J56: =I56*H56 -> 0 | L56: =E56 -> 153122 | M56: =L56*K56 -> 0 | O56: =E56 -> 153122 | P56: =O56*N56 -> 0 | Q56: 16 | R56: =E56 -> 153122 | S56: =R56*Q56 -> 2449952 | T56: 0 | U56: =E56 -> 153122 | V56: =U56*T56 -> 0 | W56: 5 | X56: =E56 -> 153122 | Y56: =X56*W56 -> 765610 | Z56: =K56+H56+N56+Q56+T56+W56 -> 21 | AA56: =E56 -> 153122 | AB56: =AA56*Z56 -> 3215562
A57: 3.03 | B57: Suministro e instalación de Luminaria Bombillas LED – CCCE | C57: UN | D57: =64+39+5 -> 108 | E57: ='FORMATO AIU'!F71 -> 236182 | F57: =+D57*E57 -> 25507656 | I57: =E57 -> 236182 | J57: =I57*H57 -> 0 | L57: =E57 -> 236182 | M57: =L57*K57 -> 0 | O57: =E57 -> 236182 | P57: =O57*N57 -> 0 | R57: =E57 -> 236182 | S57: =R57*Q57 -> 0 | T57: 99 | U57: =E57 -> 236182 | V57: =U57*T57 -> 23382018 | W57: 6 | X57: =E57 -> 236182 | Y57: =X57*W57 -> 1417092 | Z57: =K57+H57+N57+Q57+T57+W57 -> 105 | AA57: =E57 -> 236182 | AB57: =AA57*Z57 -> 24799110
A58: 3.04 | B58: Suministro e instalación de Luminaria - HERMETICA IT 1OO AQ DUNA LENS E10 660X95X100 SOBRE PONER18W | C58: UN | D58: 2 | E58: ='FORMATO AIU'!F72 -> 262004 | F58: =+D58*E58 -> 524008 | I58: =E58 -> 262004 | J58: =I58*H58 -> 0 | L58: =E58 -> 262004 | M58: =L58*K58 -> 0 | O58: =E58 -> 262004 | P58: =O58*N58 -> 0 | R58: =E58 -> 262004 | S58: =R58*Q58 -> 0 | T58: 10 | U58: =E58 -> 262004 | V58: =U58*T58 -> 2620040 | X58: =E58 -> 262004 | Y58: =X58*W58 -> 0 | Z58: =K58+H58+N58+Q58+T58+W58 -> 10 | AA58: =E58 -> 262004 | AB58: =AA58*Z58 -> 2620040
A59: 3.05 | B59: Suministro e instalación de Luminaria BALA LED REDONDA 22W | C59: UN | D59: 11 | E59: ='FORMATO AIU'!F73 -> 169031 | F59: =+D59*E59 -> 1859341 | I59: =E59 -> 169031 | J59: =I59*H59 -> 0 | L59: =E59 -> 169031 | M59: =L59*K59 -> 0 | O59: =E59 -> 169031 | P59: =O59*N59 -> 0 | Q59: 9 | R59: =E59 -> 169031 | S59: =R59*Q59 -> 1521279 | T59: 10 | U59: =E59 -> 169031 | V59: =U59*T59 -> 1690310 | X59: =E59 -> 169031 | Y59: =X59*W59 -> 0 | Z59: 10 | AA59: =E59 -> 169031 | AB59: =AA59*Z59 -> 1690310
A60: ADECUACIONES EN OFICINA Y EDIFICIO - ELECTRICAS DE REDES EXISTENTES | L60: =E60 -> 0 | O60: =E60 -> 0 | R60: =E60 -> 0 | U60: =E60 -> 0 | V60: =U60*T60 -> 0 | X60: =E60 -> 0 | Y60: =X60*W60 -> 0 | Z60: =K60+H60+N60+Q60+T60+W60 -> 0 | AA60: =E60 -> 0
A61: 3.06 | B61: Retiro de Luminaria Existente de 60x60 | C61: UN | D61: 36 | E61: ='FORMATO AIU'!F75 -> 23214 | F61: =ROUND((D61*E61),0) -> 835704 | I61: =E61 -> 23214 | J61: =I61*H61 -> 0 | L61: =E61 -> 23214 | M61: =L61*K61 -> 0 | O61: =E61 -> 23214 | P61: =O61*N61 -> 0 | Q61: 13 | R61: =E61 -> 23214 | S61: =R61*Q61 -> 301782 | T61: 23 | U61: =E61 -> 23214 | V61: =U61*T61 -> 533922 | X61: =E61 -> 23214 | Y61: =X61*W61 -> 0 | Z61: 31 | AA61: =E61 -> 23214 | AB61: =AA61*Z61 -> 719634
A62: 3.07 | B62: Retiro de Luminaria Existente de 2 x 32 w | C62: UN | D62: 108 | E62: ='FORMATO AIU'!F76 -> 23214 | F62: =ROUND((D62*E62),0) -> 2507112 | I62: =E62 -> 23214 | J62: =I62*H62 -> 0 | L62: =E62 -> 23214 | M62: =L62*K62 -> 0 | O62: =E62 -> 23214 | P62: =O62*N62 -> 0 | Q62: 83 | R62: =E62 -> 23214 | S62: =R62*Q62 -> 1926762 | T62: =108-83 -> 25 | U62: =E62 -> 23214 | V62: =U62*T62 -> 580350 | W62: 35 | X62: =E62 -> 23214 | Y62: =X62*W62 -> 812490 | Z62: =K62+H62+N62+Q62+T62+W62 -> 143 | AA62: =E62 -> 23214 | AB62: =AA62*Z62 -> 3319602
A63: 3.08 | B63: Suministro e instalación DPS tipo 2 tablero de emergencia eléctrico | C63: UN | D63: 1 | E63: ='FORMATO AIU'!F77 -> 988288 | F63: =ROUND((D63*E63),0) -> 988288 | I63: =E63 -> 988288 | J63: =I63*H63 -> 0 | L63: =E63 -> 988288 | M63: =L63*K63 -> 0 | O63: =E63 -> 988288 | P63: =O63*N63 -> 0 | R63: =E63 -> 988288 | S63: =R63*Q63 -> 0 | U63: =E63 -> 988288 | V63: =U63*T63 -> 0 | X63: =E63 -> 988288 | Y63: =X63*W63 -> 0 | Z63: =K63+H63+N63+Q63+T63+W63 -> 0 | AA63: =E63 -> 988288 | AB63: =AA63*Z63 -> 0
A64: ELECTRICAS DE CONTROL DE ALUMBRADO | L64: =E64 -> 0 | O64: =E64 -> 0 | R64: =E64 -> 0 | U64: =E64 -> 0 | V64: =U64*T64 -> 0 | X64: =E64 -> 0 | Y64: =X64*W64 -> 0 | Z64: =K64+H64+N64+Q64+T64+W64 -> 0 | AA64: =E64 -> 0
A65: 3.09 | B65: Suministro e instalación de sensor provolt | C65: UN | D65: 1 | E65: ='FORMATO AIU'!F79 -> 2001431 | F65: =+D65*E65 -> 2001431 | I65: =E65 -> 2001431 | J65: =I65*H65 -> 0 | L65: =E65 -> 2001431 | M65: =L65*K65 -> 0 | O65: =E65 -> 2001431 | P65: =O65*N65 -> 0 | Q65: 2 | R65: =E65 -> 2001431 | S65: =R65*Q65 -> 4002862 | U65: =E65 -> 2001431 | V65: =U65*T65 -> 0 | X65: =E65 -> 2001431 | Y65: =X65*W65 -> 0 | Z65: =K65+H65+N65+Q65+T65+W65 -> 2 | AA65: =E65 -> 2001431 | AB65: =AA65*Z65 -> 4002862
A66: 3.1 | B66: Suministro e instalación de Botonera 4 botones para atenuar luminarias a través de sensor | C66: UN | D66: 1 | E66: ='FORMATO AIU'!F80 -> 476289 | F66: =+D66*E66 -> 476289 | I66: =E66 -> 476289 | J66: =I66*H66 -> 0 | L66: =E66 -> 476289 | M66: =L66*K66 -> 0 | O66: =E66 -> 476289 | P66: =O66*N66 -> 0 | Q66: 2 | R66: =E66 -> 476289 | S66: =R66*Q66 -> 952578 | U66: =E66 -> 476289 | V66: =U66*T66 -> 0 | X66: =E66 -> 476289 | Y66: =X66*W66 -> 0 | Z66: =K66+H66+N66+Q66+T66+W66 -> 2 | AA66: =E66 -> 476289 | AB66: =AA66*Z66 -> 952578
A67: 3.11 | B67: Suministro e instalación de salida para iluminación en zona de iluminación de lámparas de emergencia para cumplir requerimiento RETILAP. incluye tubería, y circuitos de alimentación. | C67: UN | D67: 28 | E67: ='FORMATO AIU'!F81 -> 195769 | F67: =+D67*E67 -> 5481532 | I67: =E67 -> 195769 | J67: =I67*H67 -> 0 | L67: =E67 -> 195769 | M67: =L67*K67 -> 0 | O67: =E67 -> 195769 | P67: =O67*N67 -> 0 | Q67: 16 | R67: =E67 -> 195769 | S67: =R67*Q67 -> 3132304 | T67: 14 | U67: =E67 -> 195769 | V67: =U67*T67 -> 2740766 | X67: =E67 -> 195769 | Y67: =X67*W67 -> 0 | Z67: 19 | AA67: =E67 -> 195769 | AB67: =AA67*Z67 -> 3719611
A68: 3.12 | B68: Suministro e instalación de salida para interruptor sencillo en zona de iluminación de archivo incluye afectación civil rompiendo pared para la ubicación del mismo. | C68: UN | D68: 1 | E68: ='FORMATO AIU'!F82 -> 200211 | F68: =+D68*E68 -> 200211 | I68: =E68 -> 200211 | J68: =I68*H68 -> 0 | L68: =E68 -> 200211 | M68: =L68*K68 -> 0 | O68: =E68 -> 200211 | P68: =O68*N68 -> 0 | Q68: 3 | R68: =E68 -> 200211 | S68: =R68*Q68 -> 600633 | T68: 0 | U68: =E68 -> 200211 | V68: =U68*T68 -> 0 | X68: =E68 -> 200211 | Y68: =X68*W68 -> 0 | Z68: =K68+H68+N68+Q68+T68+W68 -> 3 | AA68: =E68 -> 200211 | AB68: =AA68*Z68 -> 600633
A69: 3.13 | B69: Suministro e instalación interruptor sencillo. | C69: UN | D69: 29 | E69: ='FORMATO AIU'!F83 -> 28093 | F69: =+D69*E69 -> 814697 | I69: =E69 -> 28093 | J69: =I69*H69 -> 0 | L69: =E69 -> 28093 | M69: =L69*K69 -> 0 | O69: =E69 -> 28093 | P69: =O69*N69 -> 0 | Q69: 9 | R69: =E69 -> 28093 | S69: =R69*Q69 -> 252837 | T69: 7 | U69: =E69 -> 28093 | V69: =U69*T69 -> 196651 | W69: 3 | X69: =E69 -> 28093 | Y69: =X69*W69 -> 84279 | Z69: =K69+H69+N69+Q69+T69+W69 -> 19 | AA69: =E69 -> 28093 | AB69: =AA69*Z69 -> 533767
A70: 3.14 | B70: Suministro e instalación de interconexión de control de lampara a lampara con cable de control de 2x20 AWG que va en las luminarias que utilizan atenuador de 0-10v | C70: ML | D70: 50 | E70: ='FORMATO AIU'!F84 -> 11662 | F70: =+D70*E70 -> 583100 | I70: =E70 -> 11662 | J70: =I70*H70 -> 0 | L70: =E70 -> 11662 | M70: =L70*K70 -> 0 | O70: =E70 -> 11662 | P70: =O70*N70 -> 0 | Q70: 100 | R70: =E70 -> 11662 | S70: =R70*Q70 -> 1166200 | U70: =E70 -> 11662 | V70: =U70*T70 -> 0 | X70: =E70 -> 11662 | Y70: =X70*W70 -> 0 | Z70: 71.5 | AA70: =E70 -> 11662 | AB70: =AA70*Z70 -> 833833
A71: 3.15 | B71: Suministro e instalación de encauchetado 3x16AWG desde caja de paso hasta luminaria con accesorios de fijación y empalme eléctrico | C71: ML | D71: 250 | E71: ='FORMATO AIU'!F85 -> 12694 | F71: =+D71*E71 -> 3173500 | I71: =E71 -> 12694 | J71: =I71*H71 -> 0 | L71: =E71 -> 12694 | M71: =L71*K71 -> 0 | O71: =E71 -> 12694 | P71: =O71*N71 -> 0 | Q71: 136.95 | R71: =E71 -> 12694 | S71: =R71*Q71 -> 1738443.3 | T71: =170.45-136.95 -> 33.5 | U71: =E71 -> 12694 | V71: =U71*T71 -> 425249 | W71: 80 | X71: =E71 -> 12694 | Y71: =X71*W71 -> 1015520 | Z71: =K71+H71+N71+Q71+T71+W71 -> 250.45 | AA71: =E71 -> 12694 | AB71: =AA71*Z71 -> 3179212.3
A72: OBRAS CIVILES | L72: =E72 -> 0 | O72: =E72 -> 0 | R72: =E72 -> 0 | U72: =E72 -> 0 | V72: =U72*T72 -> 0 | X72: =E72 -> 0 | Y72: =X72*W72 -> 0 | Z72: =K72+H72+N72+Q72+T72+W72 -> 0 | AA72: =E72 -> 0
A73: 3.16 | B73: Reparación de hueco de luminaria retirada | C73: UN | D73: 36 | E73: ='FORMATO AIU'!F87 -> 22195 | F73: =+D73*E73 -> 799020 | I73: =E73 -> 22195 | J73: =I73*H73 -> 0 | L73: =E73 -> 22195 | M73: =L73*K73 -> 0 | O73: =E73 -> 22195 | P73: =O73*N73 -> 0 | Q73: 9 | R73: =E73 -> 22195 | S73: =R73*Q73 -> 199755 | T73: 16 | U73: =E73 -> 22195 | V73: =U73*T73 -> 355120 | W73: 2 | X73: =E73 -> 22195 | Y73: =X73*W73 -> 44390 | Z73: =K73+H73+N73+Q73+T73+W73 -> 27 | AA73: =E73 -> 22195 | AB73: =AA73*Z73 -> 599265
A74: 3.17 | B74: Reparación de techo en oficinas por adecuaciones realizadas para salidas eléctricas en control | C74: M2 | D74: 16 | E74: ='FORMATO AIU'!F88 -> 32874 | F74: =+D74*E74 -> 525984 | I74: =E74 -> 32874 | J74: =I74*H74 -> 0 | L74: =E74 -> 32874 | M74: =L74*K74 -> 0 | O74: =E74 -> 32874 | P74: =O74*N74 -> 0 | Q74: 15 | R74: =E74 -> 32874 | S74: =R74*Q74 -> 493110 | T74: 1 | U74: =E74 -> 32874 | V74: =U74*T74 -> 32874 | X74: =E74 -> 32874 | Y74: =X74*W74 -> 0 | Z74: =K74+H74+N74+Q74+T74+W74 -> 16 | AA74: =E74 -> 32874 | AB74: =AA74*Z74 -> 525984
A75: 3.18 | B75: Pintura de Techo zonas afectadas por hueco de luminaria | C75: UN | D75: 28 | E75: ='FORMATO AIU'!F89 -> 21818 | F75: =+D75*E75 -> 610904 | I75: =E75 -> 21818 | J75: =I75*H75 -> 0 | L75: =E75 -> 21818 | M75: =L75*K75 -> 0 | O75: =E75 -> 21818 | P75: =O75*N75 -> 0 | Q75: 26 | R75: =E75 -> 21818 | S75: =R75*Q75 -> 567268 | T75: 2 | U75: =E75 -> 21818 | V75: =U75*T75 -> 43636 | X75: =E75 -> 21818 | Y75: =X75*W75 -> 0 | Z75: =K75+H75+N75+Q75+T75+W75 -> 28 | AA75: =E75 -> 21818 | AB75: =AA75*Z75 -> 610904
A76: 3.19 | B76: Pintura de muro zonas afectadas por interruptor de encendido por luminarias nuevas | C76: M2 | D76: 10 | E76: ='FORMATO AIU'!F90 -> 34726 | F76: =+D76*E76 -> 347260 | I76: =E76 -> 34726 | J76: =I76*H76 -> 0 | L76: =E76 -> 34726 | M76: =L76*K76 -> 0 | O76: =E76 -> 34726 | P76: =O76*N76 -> 0 | Q76: 4 | R76: =E76 -> 34726 | S76: =R76*Q76 -> 138904 | T76: 3 | U76: =E76 -> 34726 | V76: =U76*T76 -> 104178 | X76: =E76 -> 34726 | Y76: =X76*W76 -> 0 | Z76: =K76+H76+N76+Q76+T76+W76 -> 7 | AA76: =E76 -> 34726 | AB76: =AA76*Z76 -> 243082
A78: COSTO DIRECTO | F78: =SUM(F7:F76) -> 307489077 | I78: =SUM(J7:J76) -> 22938811 | L78: =SUM(M7:M76) -> 21288664 | O78: =SUM(P7:P76) -> 96523294 | R78: =SUM(S7:S76) -> 88102294 | U78: =SUM(V7:V76) -> 74757566 | X78: =SUM(Y7:Y76) -> 36339348 | AA78: =SUM(AB7:AB76) -> 2.9204734e+08
A79: ADMINISTRACION | E79: 0.19 | F79: =F78*E79 -> 58422925 | H79: 0.19 | I79: =I78*H79 -> 4358374.1 | K79: 0.19 | L79: =L78*K79 -> 4044846.2 | N79: 0.19 | O79: =O78*N79 -> 18339426 | Q79: 0.19 | R79: =R78*Q79 -> 16739436 | T79: 0.19 | U79: =U78*T79 -> 14203938 | W79: 0.19 | X79: =X78*W79 -> 6904476.1 | Z79: 0.19 | AA79: =AA78*Z79 -> 55488994
A80: IMPREVISTOS | E80: 0.01 | F80: =F78*E80 -> 3074890.8 | H80: 0.01 | I80: =I78*H80 -> 229388.11 | K80: 0.01 | L80: =L78*K80 -> 212886.64 | N80: 0.01 | O80: =O78*N80 -> 965232.94 | Q80: 0.01 | R80: =R78*Q80 -> 881022.94 | T80: 0.01 | U80: =U78*T80 -> 747575.66 | W80: 0.01 | X80: =X78*W80 -> 363393.48 | Z80: 0.01 | AA80: =AA78*Z80 -> 2920473.4
A81: UTILIDAD | E81: 0.05 | F81: =F78*E81 -> 15374454 | H81: 0.05 | I81: =I78*H81 -> 1146940.6 | K81: 0.05 | L81: =L78*K81 -> 1064433.2 | N81: 0.05 | O81: =O78*N81 -> 4826164.7 | Q81: 0.05 | R81: =R78*Q81 -> 4405114.7 | T81: 0.05 | U81: =U78*T81 -> 3737878.3 | W81: 0.05 | X81: =X78*W81 -> 1816967.4 | Z81: 0.05 | AA81: =AA78*Z81 -> 14602367
A82: IVA (SOBRE UTILIDAD) | E82: 0.19 | F82: =F81*E82 -> 2921146.2 | H82: 0.19 | I82: =I81*H82 -> 217918.7 | K82: 0.19 | L82: =L81*K82 -> 202242.31 | N82: 0.19 | O82: =O81*N82 -> 916971.29 | Q82: 0.19 | R82: =R81*Q82 -> 836971.79 | T82: 0.19 | U82: =U81*T82 -> 710196.88 | W82: 0.19 | X82: =X81*W82 -> 345223.81 | Z82: 0.19 | AA82: =AA81*Z82 -> 2774449.7
A83: COSTO TOTAL | E83: =F78+F79+F80+F81+F82 -> 3.8728249e+08 | H83: =I78+I79+I80+I81+I82 -> 28891432 | K83: =L78+L79+L80+L81+L82 -> 26813072 | N83: =O78+O79+O80+O81+O82 -> 1.2157109e+08 | Q83: =R78+R79+R80+R81+R82 -> 1.1096484e+08 | T83: =U78+U79+U80+U81+U82 -> 94157154 | W83: =X78+X79+X80+X81+X82 -> 45769409 | Z83: =AA78+AA79+AA80+AA81+AA82 -> 3.6783362e+08

Sheet Informe ejecutivo 6
D1: INFORME EJECUTIVO 6 -7 DE JUNIO AL 13 DE JUNIO
D3: RESUMEN GERENCIAL
A5: INFORME DE INTERVENTORIA No.: | D5: 6 | F5: FECHA DEL INFORME: | H5: 45456
A7: CONTRATO DE OBRA | H7: CE-17-2024
A8: Objeto: | C8: Contratar en nombre de la NACIÓN – CONSEJO SUPERIOR DE LA JUDICATURA – DIRECCIÓN SECCIONAL DE ADMINISTRACIÓN JUDICIAL DE MANIZALES - CALDAS,ALCANCE DEL OBJETO CONTRACTUAL. De acuerdo a la oferta económica presentada por el CONTRATISTA, los valores unitarios para realizar la Cuarta fase de la MODERNIZACIÓN AL SISTEMA DE ILUMINACIÓN DE LAS OFICINAS DEL PALACIO DE JUSTICIA “FANNY GONZALEZ FRANCO” DE MANIZALES CALDAS – PISOS 2 y SÓTANO UNO
A13: Contrato No: | C13: CE-17-2024
A14: Contratista: | C14: GLOBAL ASTI
A15: Nit:
A16: Valor Inicial: | C16: ='FORMATO AIU'!G100 -> 387282493
A17: Adición 1 | C17: 0
A18: Adición 2 | C18: 0
A19: Valor total del contrato: | C19: =C16+C17+C18 -> 387282493
A20: Plazo | C20: 70
A21: Fecha de inicio | C21: 45401
A22: Fecha de vencimiento: | C22: 45105
A23: Plazo total del contrato: | C23: =C20 -> 70
A26: AVANCES DEL CONTRATO
A27: AVANCE GENERAL DEL PROYECTO | F27: EJECUCION EN PLAZO
F28: CONTRACTUAL | H28: EJECUCION | K28: %
F29: =C20 -> 70 | H29: =H5-C21 -> 55 | K29: =H29/F29 -> 0.78571429
F30: DATOS FINANCIEROS
F31: Vr. CONTRATO: | J31: =C19 -> 387282493
F32: Vr. TOTAL PAGADO EN ACTAS: | J32: 0
F33: SALDO POR PAGAR CONTRATO: | J33: =J31-J32 -> 387282493
F34: Vr. ANTICIPO: | J34: 0
F35: TOTAL AMORTIZADO ANTICIPO: | J35: 0
F36: | | J36: =J34-J35 -> 0
F37: ACTA No. | G37: COSTO DIRECTO | H37: AIU | I37: IVA | J37: TOTAL NETO | K37: % EJECUCIÓN | L37: FECHA DEL ACTA
F38: 1 | G38: 153744535 | H38: 38436133 | I38: 1460573 | J38: =G38+H38+I38 -> 193641241 | K38: =+J38/$C$19 -> 0.49999999 | L38: 45448
F39: 2 | G39: 0 | H39: 0 | J39: =+G39-H39 -> 0 | K39: =+G39/$C$19 -> 0
F40: 3 | G40: 0 | H40: 0 | J40: =+G40-H40 -> 0 | K40: =+G40/$C$19 -> 0
F41: 6 | G41: 0 | H41: 0 | J41: =+G41-H41 -> 0 | K41: =+G41/$C$19 -> 0
F42: 7 | G42: 0 | H42: 0 | J42: =+G42-H42 -> 0 | K42: =+G42/$C$19 -> 0
F43: 8 | G43: 0 | H43: 0 | J43: =+G43-H43 -> 0 | K43: =+G43/$C$19 -> 0
F44: 9 | G44: 0 | H44: 0 | J44: =+G44-H44 -> 0 | K44: =+G44/$C$19 -> 0
F45: 10 | G45: 0 | H45: 0 | J45: =+G45-H45 -> 0 | K45: =+G45/$C$19 -> 0
F46: 11 | G46: 0 | H46: 0 | J46: =+G46-H46 -> 0 | K46: =+G46/$C$19 -> 0
C47: %PROGRAM. | D47: %EJECUT. | E47: DIFERENCIA | F47: 12 | G47: 0 | H47: =G47*0.2 -> 0 | J47: =+G47-H47 -> 0 | K47: =+G47/$C$19 -> 0
A48: Acumulado anterior | C48: 0.2571 | D48: 0.6646 | E48: =D48-C48 -> 0.4075 | F48: 13 | G48: 0 | H48: =G48*0.2 -> 0 | J48: =+G48-H48 -> 0 | K48: =+G48/$C$19 -> 0
A49: Durante el periodo | C49: =K29-C48 -> 0.52861429 | D49: =E130-D48 -> 0.23861784 | E49: =D49+D48-C49 -> 0.37460355 | F49: 14 | G49: 0 | H49: =G49*0.2 -> 0 | J49: =+G49-H49 -> 0 | K49: =+G49/$C$19 -> 0
A50: Acumulado Actual | C50: =C48+C49 -> 0.78571429 | D50: =D48+D49 -> 0.90321784 | E50: =D50-C50 -> 0.11750355 | F50: TOTALES | G50: =SUM(G38:G48) -> 153744535 | H50: =SUM(H38:H48) -> 38436133 | J50: =SUM(J38:J48) -> 193641241 | K50: =SUM(K38:K49) -> 0.49999999
A53: RESUMEN GENERAL DEL ESTADO DEL CONTRATO
A54: Valor facturado a la fecha es de: | F54: =J50 -> 193641241 | H54: Equivalente al: | K54: =F54/J31 -> 0.49999999
A55: El valor por ejecutar a la fecha es de: | F55: =J33-F54 -> 193641252 | H55: Equivalente al: | K55: =F55/J31 -> 0.50000001
A57: SEGUIMIENTO PROGRAMACIÓN CONSTRUCCIÒN POR CAPITULOS
A59: ITEM | B59: DESCRIPCION | D59: PROGRAMADO | E59: EJECUTADO
B60: CAPITULO 1 PISO2
A61: 1.01 | B61: Suministro e instalación de Luminaria-PANEL LED de 610X600X80 SOBREPONER 50W | D61: ='AVANCE DE OBRA '!F7 -> 85043301 | E61: ='AVANCE DE OBRA '!AB7 -> 76581281
A62: 1.02 | B62: Suministro e instalación de Luminaria EMERGENCIA LED | D62: ='AVANCE DE OBRA '!F8 -> 7349856 | E62: ='AVANCE DE OBRA '!AB8 -> 7349856
A63: 1.03 | B63: ='AVANCE DE OBRA '!B9 -> Suministro e instalación de Luminaria - HERMETICA IT 1OO AQ DUNA LENS E10 660X95X100 SOBRE PONER18W | D63: ='AVANCE DE OBRA '!F9 -> 2096032 | E63: ='AVANCE DE OBRA '!AB9 -> 1048016
A64: 1.04 | B64: ='AVANCE DE OBRA '!B10 -> Suministro e instalación de Luminaria BALA LED REDONDA 22W pasillos | D64: ='AVANCE DE OBRA '!F10 -> 4732868 | E64: ='AVANCE DE OBRA '!AB10 -> 4732868
A65: 1.05 | B65: ='AVANCE DE OBRA '!B12 -> Retiro de Luminaria Existente de 60x60 | D65: ='AVANCE DE OBRA '!F12 -> 4666014 | E65: ='AVANCE DE OBRA '!AB12 -> 4433874
A66: 1.06 | B66: ='AVANCE DE OBRA '!B13 -> Retiro de Luminaria Existente bala led de 22 w en pasillos | D66: ='AVANCE DE OBRA '!F13 -> 649992 | E66: ='AVANCE DE OBRA '!AB13 -> 673206
A67: 1.07 | B67: ='AVANCE DE OBRA '!B14 -> Suspensión aislada de punto eléctrico existente | D67: ='AVANCE DE OBRA '!F14 -> 683160 | E67: ='AVANCE DE OBRA '!AB14 -> 683160
A68: 1.08 | B68: ='AVANCE DE OBRA '!B15 -> Reubicación de punto eléctrico | D68: ='AVANCE DE OBRA '!F15 -> 2641140 | E68: ='AVANCE DE OBRA '!AB15 -> 2641140
A69: 1.09 | B69: ='AVANCE DE OBRA '!B16 -> Adecuación de Alimentación de luminarias existentes para unificar circuito de emergencia y circuito Normal | D69: ='AVANCE DE OBRA '!F16 -> 13193340 | E69: ='AVANCE DE OBRA '!AB16 -> 26166791
A70: 1.1 | B70: ='AVANCE DE OBRA '!B18 -> Suministro e instalación de sensor provolt | D70: ='AVANCE DE OBRA '!F18 -> 46032913 | E70: ='AVANCE DE OBRA '!AB18 -> 38027189
A71: 1.11 | B71: ='AVANCE DE OBRA '!B19 -> Suministro e instalación de Botonera 4 botones para atenuar luminarias a través de sensor | D71: ='AVANCE DE OBRA '!F19 -> 10954647 | E71: ='AVANCE DE OBRA '!AB19 -> 9049491
A72: 1.12 | B72: ='AVANCE DE OBRA '!B20 -> Suministro e instalación de interconexión de control de lampara a lampara con cable de control de 2x20 AWG que va en las luminarias que utilizan atenuador de 0-10v | D72: ='AVANCE DE OBRA '!F20 -> 14577500 | E72: ='AVANCE DE OBRA '!AB20 -> 12967561
A73: 1.13 | B73: ='AVANCE DE OBRA '!B21 -> Suministro e instalación de encauchetado 3x16AWG desde caja de paso hasta luminaria con accesorios de fijación y empalme eléctrico | D73: ='AVANCE DE OBRA '!F21 -> 4442900 | E73: ='AVANCE DE OBRA '!AB21 -> 4252490
A74: 1.14 | B74: ='AVANCE DE OBRA '!B22 -> Suministro e instalación de salida para iluminación en zona de iluminación de lámparas de emergencia para cumplir requerimiento RETILAP. No incluye tubería, ni circuitos de alimentación. | D74: ='AVANCE DE OBRA '!F22 -> 3317031 | E74: ='AVANCE DE OBRA '!AB22 -> 3808443
A75: 1.15 | B75: ='AVANCE DE OBRA '!B23 -> Suministro e instalación interruptor sencillo. | D75: ='AVANCE DE OBRA '!F23 -> 449488 | E75: ='AVANCE DE OBRA '!AB23 -> 393302
B76: OBRAS CIVILES
A77: 1.16 | B77: ='AVANCE DE OBRA '!B25 -> Reparación de hueco de luminaria retirada | D77: ='AVANCE DE OBRA '!F25 -> 3662175 | E77: ='AVANCE DE OBRA '!AB25 -> 3329250
A78: 8 | B78: ='[2]RESUMEN INFORME SEMANAL'!B396 -> DUCHAS | D78: ='[2]RESUMEN INFORME SEMANAL'!AA396 -> 0 | E78: ='[2]RESUMEN INFORME SEMANAL'!W396 -> 0
A79: 1.17 | B79: ='AVANCE DE OBRA '!B26 -> Reparación de techo en oficinas por adecuaciones realizadas para salidas eléctricas en control | D79: ='AVANCE DE OBRA '!F26 -> 4109250 | E79: ='AVANCE DE OBRA '!AB26 -> 3813384
A80: 1.18 | B80: ='AVANCE DE OBRA '!B27 -> Reparación de muro afectado por interruptor de encendido por luminarias nuevas | D80: ='AVANCE DE OBRA '!F27 -> 277808 | E80: ='AVANCE DE OBRA '!AB27 -> 277808
A81: 1.19 | B81: ='AVANCE DE OBRA '!B28 -> Pintura de Techo zonas afectadas por hueco de luminaria | D81: ='AVANCE DE OBRA '!F28 -> 2749068 | E81: ='AVANCE DE OBRA '!AB28 -> 3010884
A82: 1.2 | B82: ='AVANCE DE OBRA '!B29 -> Pintura de muro zonas afectadas por interruptor de encendido por luminarias nuevas en archivos | D82: ='AVANCE DE OBRA '!F29 -> 356124 | E82: ='AVANCE DE OBRA '!AB29 -> 415478
A83: 1.21 | B83: ='AVANCE DE OBRA '!B30 -> Pintura de Techo zonas afectadas por adecuaciones realizadas para salidas eléctricas en control | D83: ='AVANCE DE OBRA '!F30 -> 237416 | E83: ='AVANCE DE OBRA '!AB30 -> 267093
B84: CAPITULO 2 PISO 4
A85: 2.01 | B85: ='AVANCE DE OBRA '!B33 -> Suministro e instalación de Luminaria-PANEL LED de 610X600X80 SOBREPONER 50W | D85: ='AVANCE DE OBRA '!F33 -> 8462020 | E85: ='AVANCE DE OBRA '!AB33 -> 8462020
A86: 2.02 | B86: ='AVANCE DE OBRA '!B34 -> Suministro e instalación de Luminaria BALA LED REDONDA 22W | D86: ='AVANCE DE OBRA '!F34 -> 676124 | E86: ='AVANCE DE OBRA '!AB34 -> 1183217
A87: 2.03 | B87: ='AVANCE DE OBRA '!B35 -> Suministro e instalación de Luminaria Bombillas LED – CCCE | D87: ='AVANCE DE OBRA '!F35 -> 6613096 | E87: ='AVANCE DE OBRA '!AB35 -> 6376914
A88: 2.04 | B88: ='AVANCE DE OBRA '!B36 -> Suministro e instalación de Luminaria - HERMETICA IT 1OO AQ DUNA LENS E10 660X95X100 SOBRE PONER18W | D88: ='AVANCE DE OBRA '!F36 -> 1572024 | E88: ='AVANCE DE OBRA '!AB36 -> 1048016
A89: 2.05 | B89: ='AVANCE DE OBRA '!B37 -> Suministro e instalación de Luminaria EMERGENCIA LED | D89: ='AVANCE DE OBRA '!F37 -> 1071854 | E89: ='AVANCE DE OBRA '!AB37 -> 918732
A90: 2.06 | B90: ='AVANCE DE OBRA '!B39 -> Retiro de Luminaria Existente de 60x60 | D90: ='AVANCE DE OBRA '!F39 -> 464280 | E90: ='AVANCE DE OBRA '!AB39 -> 464280
A91: 2.07 | B91: ='AVANCE DE OBRA '!B40 -> Retiro de Luminaria Colgante | D91: ='AVANCE DE OBRA '!F40 -> 649992 | E91: ='AVANCE DE OBRA '!AB40 -> 1114272
A92: 2.08 | B92: ='AVANCE DE OBRA '!B42 -> Suministro e instalación de interconexión de control de lampara a lampara con cable de control de 2x20 AWG que va en las luminarias que utilizan atenuador de 0-10v | D92: ='AVANCE DE OBRA '!F42 -> 583100 | E92: ='AVANCE DE OBRA '!AB41 -> 0
A93: 2.09 | B93: ='AVANCE DE OBRA '!B43 -> Suministro e instalación de sensor provolt | D93: ='AVANCE DE OBRA '!F43 -> 2001431 | E93: ='AVANCE DE OBRA '!AB42 -> 0
A94: 2.1 | B94: ='AVANCE DE OBRA '!B44 -> Suministro e instalación de Botonera 4 botones para atenuar luminarias a través de sensor | D94: ='AVANCE DE OBRA '!F44 -> 476289 | E94: ='AVANCE DE OBRA '!AB43 -> 0
A95: 2.11 | B95: ='AVANCE DE OBRA '!B45 -> Suministro e instalación de encauchetado 3x16AWG desde caja de paso hasta luminaria con accesorios de fijación y empalme eléctrico | D95: ='AVANCE DE OBRA '!F45 -> 2538800 | E95: ='AVANCE DE OBRA '!AB45 -> 2762849.1
A96: 2.12 | B96: ='AVANCE DE OBRA '!B46 -> Suministro e instalación interruptor sencillo. | D96: ='AVANCE DE OBRA '!F46 -> 252837 | E96: ='AVANCE DE OBRA '!AB45 -> 2762849.1
A97: 2.13 | B97: ='AVANCE DE OBRA '!B48 -> Reparación de hueco de luminaria retirada | D97: ='AVANCE DE OBRA '!F48 -> 443900 | E97: ='AVANCE DE OBRA '!AB46 -> 421395
A98: 2.14 | B98: ='AVANCE DE OBRA '!B49 -> Reparación de techo en oficinas por adecuaciones realizadas para salidas eléctricas en control | D98: ='AVANCE DE OBRA '!F49 -> 788976 | E98: ='AVANCE DE OBRA '!AB47 -> 0
A99: 2.15 | B99: ='AVANCE DE OBRA '!B50 -> Pintura de Techo zonas afectadas por hueco de luminaria | D99: ='AVANCE DE OBRA '!F50 -> 1396352 | E99: ='AVANCE DE OBRA '!AB50 -> 327270
A100: 2.16 | B100: ='AVANCE DE OBRA '!B51 -> Pintura de muro zonas afectadas por interruptor de encendido por luminarias nuevas | D100: ='AVANCE DE OBRA '!F51 -> 520890 | E100: ='AVANCE DE OBRA '!AB49 -> 2103936
B101: CAPITULO 3 SÓTANO UNO
A102: 3.01 | B102: ='AVANCE DE OBRA '!B55 -> Suministro e instalación de Luminaria-PANEL LED de 610X600X80 SOBREPONER 50W | D102: ='AVANCE DE OBRA '!F55 -> 15231636 | E102: ='AVANCE DE OBRA '!AB55 -> 10154424
A103: 3.02 | B103: ='AVANCE DE OBRA '!B56 -> Suministro e instalación de Luminaria EMERGENCIA LED | D103: ='AVANCE DE OBRA '!F56 -> 4287416 | E103: ='AVANCE DE OBRA '!AB56 -> 3215562
A104: 3.03 | B104: ='AVANCE DE OBRA '!B57 -> Suministro e instalación de Luminaria Bombillas LED – CCCE | D104: ='AVANCE DE OBRA '!F57 -> 25507656 | E104: ='AVANCE DE OBRA '!AB53 -> 0
A105: 3.04 | B105: ='AVANCE DE OBRA '!B58 -> Suministro e instalación de Luminaria - HERMETICA IT 1OO AQ DUNA LENS E10 660X95X100 SOBRE PONER18W | D105: ='AVANCE DE OBRA '!F58 -> 524008 | E105: ='AVANCE DE OBRA '!AB54 -> 0
A106: 3.05 | B106: ='AVANCE DE OBRA '!B59 -> Suministro e instalación de Luminaria BALA LED REDONDA 22W | D106: ='AVANCE DE OBRA '!F59 -> 1859341 | E106: ='AVANCE DE OBRA '!AB55 -> 10154424
A107: 3.06 | B107: ='AVANCE DE OBRA '!B61 -> Retiro de Luminaria Existente de 60x60 | D107: ='AVANCE DE OBRA '!F61 -> 835704 | E107: ='AVANCE DE OBRA '!AB56 -> 3215562
A108: 3.07 | B108: ='AVANCE DE OBRA '!B62 -> Retiro de Luminaria Existente de 2 x 32 w | D108: ='AVANCE DE OBRA '!F62 -> 2507112 | E108: ='AVANCE DE OBRA '!AB62 -> 3319602
A109: 3.08 | B109: ='AVANCE DE OBRA '!B63 -> Suministro e instalación DPS tipo 2 tablero de emergencia eléctrico | D109: ='AVANCE DE OBRA '!F63 -> 988288 | E109: ='AVANCE DE OBRA '!AB63 -> 0
A110: 3.09 | B110: ='AVANCE DE OBRA '!B65 -> Suministro e instalación de sensor provolt | D110: ='AVANCE DE OBRA '!F65 -> 2001431 | E110: ='AVANCE DE OBRA '!AB65 -> 4002862
A111: 3.1 | B111: ='AVANCE DE OBRA '!B66 -> Suministro e instalación de Botonera 4 botones para atenuar luminarias a través de sensor | D111: ='AVANCE DE OBRA '!F66 -> 476289 | E111: ='AVANCE DE OBRA '!AB66 -> 952578
A112: 3.11 | B112: ='AVANCE DE OBRA '!B67 -> Suministro e instalación de salida para iluminación en zona de iluminación de lámparas de emergencia para cumplir requerimiento RETILAP. incluye tubería, y circuitos de alimentación. | D112: ='AVANCE DE OBRA '!F67 -> 5481532 | E112: ='AVANCE DE OBRA '!AB67 -> 3719611
A113: 3.12 | B113: ='AVANCE DE OBRA '!B68 -> Suministro e instalación de salida para interruptor sencillo en zona de iluminación de archivo incluye afectación civil rompiendo pared para la ubicación del mismo. | D113: ='AVANCE DE OBRA '!F68 -> 200211 | E113: ='AVANCE DE OBRA '!AB68 -> 600633
...
